AoeStats
← VLC | DafeKhan

Nomad

504349930Analyzed
4v4 RM · 28d ago on Sep 5, 2026· 41m 0s· 8 players
Game mode
Random Map
Map size
231×231
Population
200
Speed
Normal
Resources
Standard
Victory
Conquest
Starting age
Dark Age
Ending age
Imperial Age
RankedLock teamsTeams togetherTeam positionsShared explorationLock speedFull tech treeHidden civsTurbo modeCheats
Victory
Defeat
🇨🇴 Mapuche · Colombia
1616
+14
🇨🇴 Koreans · Colombia
1588
+15
🇨🇴 Celts · Colombia
1532
+17
🇨🇴 Franks · Colombia
1492
+18
🇲🇽 Spanish · Mexico
1599
-18
🇪🇸 Huns · Spain
1548
-16
🇨🇳 Magyars · China
1541
-15
🇺🇸 Saracens · United States
1539
-15
MZTK | Evil Xandro
4:43 Loom
14:25 Feudal Age
18:50 Castle Age
17:43 Double-Bit Axe
19:07 Padded Archer Armor
34:03 Padded Archer Armor
37:35 Bow Saw
37:06 Horse Collar
37:18 Gold Mining
37:17 Town Watch
38:09 Wheelbarrow
38:30 Fletching
38:54 Bloodlines
38:45 Husbandry
busy pushing deer
14:52 Feudal Age
15:53 Double-Bit Axe
15:59 Fishing Lines
18:35 Castle Age
17:01 Gold Mining
18:44 Fletching
18:39 Crossbowman
20:19 Bodkin Arrow
21:41 Ballistics
22:33 Loom
23:26 Wheelbarrow
22:37 Town Watch
30:30 Hand Cart
32:17 Horse Collar
36:24 Imperial Age
34:30 Padded Archer Armor
35:17 Gold Shaft Mining
36:19 Thumb Ring
37:12 Bracer
36:39 Arbalester
39:04 Chemistry
Wolf Knight
11:11 Loom
13:45 Feudal Age
17:28 Castle Age
15:55 Fletching
16:20 Loom
16:42 Double-Bit Axe
18:26 Padded Archer Armor
18:38 Bow Saw
18:10 Horse Collar
19:04 Bodkin Arrow
23:44 Ballistics
31:36 Thumb Ring
34:32 Bloodlines
34:23 Husbandry
菜菜虎
14:13 Feudal Age
14:56 Double-Bit Axe
15:08 Town Watch
15:11 Loom
20:18 Castle Age
21:11 Medium Warships
24:05 Bow Saw
25:38 Fishing Lines
28:21 Wheelbarrow
27:57 Bow Saw
32:36 Imperial Age
32:44 Scale Barding Armor
32:54 Bloodlines
VLC | Raconteur
12:47 Feudal Age
11:06 Loom
16:44 Castle Age
14:36 Double-Bit Axe
15:00 Fletching
17:40 Bow Saw
23:32 Padded Archer Armor
23:32 Bodkin Arrow
24:23 Gold Mining
25:20 Padded Archer Armor
26:31 Ballistics
27:13 Wheelbarrow
27:06 Horse Collar
30:29 Town Watch
31:04 Leather Archer Armor
30:58 Heavy Plow
31:35 Fishing Lines
32:17 Stone Mining
39:19 Imperial Age
37:11 Hand Cart
37:18 Gillnets
39:14 Malon
40:32 Ring Archer Armor
39:44 Elite Bolas Rider
VLC | BacTi
5:02 Loom
11:51 Feudal Age
14:43 Double-Bit Axe
18:51 Gold Mining
21:12 Castle Age
19:47 Gold Mining
19:54 Fletching
24:54 Medium Warships
25:26 Stone Mining
29:21 Horse Collar
29:54 Fishing Lines
33:03 Wheelbarrow
37:20 Bow Saw
37:20 Bodkin Arrow
41:01 Imperial Age
42:55 Imperial Age
VLC | Tithen
4:34 Loom
11:54 Feudal Age
12:32 Double-Bit Axe
14:57 Horse Collar
20:06 Castle Age
20:15 Crossbowman
20:45 Fletching
22:37 Bodkin Arrow
24:03 Wheelbarrow
23:43 Bow Saw
24:10 Gold Mining
27:34 Ballistics
31:30 Heavy Plow
32:13 Hand Cart
36:50 Imperial Age
34:52 Thumb Ring
36:54 Arbalester
37:35 Bracer
37:08 Capped Ram
VLC | DafeKhan
8:04 Loom
13:58 Feudal Age
14:49 Town Watch
17:32 Castle Age
16:42 Double-Bit Axe
17:33 Fletching
18:50 Scale Barding Armor
19:13 Bow Saw
26:03 Scale Mail Armor
31:09 Chain Barding Armor
37:34 Husbandry
41:27 Imperial Age
41:33 Imperial Age
39:39 Wheelbarrow
39:58 Forging
42:15 Iron Casting
Connection lost

Rejoining the realm…

Still unreachable

The connection could not be restored.

Session expired

The server has moved on; the page needs a fresh start.